 Dungeon Crawl Stone Soup version 0.29.0-4-gdea44cf6ec (webtiles) character file.

Game seed: 9618216151054176070

566 qw the Grappler (level 7, -1/66 HPs)
             Began as a Troll Cinder Acolyte on Aug 30, 2022.
             Was a High Priest of Ignis.
             Slain by a troll (8 damage)
             ... on level 5 of the Dungeon.
             The game lasted 00:02:06 (3308 turns).

qw the Grappler (Troll Cinder Acolyte)              Turns: 3308, Time: 00:02:06

Health: -1/66      AC:  4    Str: 25    XL:     7   Next: 10%
Magic:  7/7        EV:  9    Int: 10    God:    Ignis [*****.]
Gold:   151        SH:  0    Dex:  5    Spells: 8/8 levels left

rFire   + . .      SeeInvis +     - Unarmed
rCold   + . .      Faith    .   (no shield)
rNeg    + . .      Spirit   .   m - +0 robe of Light {rC+ rN+ Stlth+}
rPois   .          Reflect  .   a - +0 mask of the Dragon {Will+ Slay+3 SInv}
rElec   .          Harm     .   (no cloak)
rCorr   .          Rampage  .   (gloves unavailable)
Will    +....                   (boots unavailable)
Stlth   ++........              (no amulet)
HPRegen 1.01/turn               (no ring)
MPRegen 0.10/turn               (no ring)

@: lethally poisoned (-1 -> -2), about to teleport
A: large, unfitting armour, claws 3, regeneration 1, shaggy fur 1, tough skin 1
a: Renounce Religion, Fiery Armour, Foxfire Swarm, Rising Flame


You were on level 5 of the Dungeon.
You worshipped Ignis.
Ignis was extremely pleased with you.
You visited 1 branch of the dungeon, and saw 5 of its levels.

You collected 359 gold pieces.
You spent 208 gold pieces at shops.


Innate Abilities, Weirdness & Mutations

You are too large for most types of armour.
You have claws for hands.
Your natural rate of healing is unusually fast.
You are covered in fur. (AC +1)
You have tough skin. (AC +1)


   Skills:
 + Level 2.9 Fighting
 - Level 8.0 Unarmed Combat
 - Level 1.0 Spellcasting
 - Level 2.1 Fire Magic


You had 8 spell levels left.
You didn't know any spells.
Your spell library contained the following spells:

 Spells                   Type           Power      Damage    Failure   Level
 Scorch                   Fire           8%         2d5       22%         2

Inventory:

Armour
 a - the +0 mask of the Dragon (worn) {Will+ Slay+3 SInv}
   (You acquired it on level 2 of the Dungeon)

   Slay:      It affects your accuracy & damage with ranged weapons and melee
   (+3).
   SInv:      It lets you see invisible.
   Will:      It increases your willpower.
 m - the +0 robe of Light (worn) {rC+ rN+ Stlth+}
   (You found it on level 2 of the Dungeon)

   rC:        It protects you from cold.
   rN:        It protects you from negative energy.
   Stlth:     It makes you more stealthy.
Scrolls
 f - 2 scrolls of identify
 k - 2 scrolls of teleportation
Potions
 c - 3 potions of curing
 d - 2 potions of heal wounds
 i - 3 potions of haste
 j - a potion of cancellation

Dungeon Overview and Level Annotations

Branches:
Dungeon (5/15)
 Temple: D:4-7

Altars:
Gozag
Okawaru

Shops:
D:3 (   D:4 =!?(:


Message History

Enter note:
Enter note:
Enter note:
Enter note:
Enter note:
3294 ||| Stepping ~*~*~tactically~*~*~ (outnumbered).
You open the door.
An orc, a troll and a necrophage come into view.
Found a book of Changes.
3297 ||| Stepping ~*~*~tactically~*~*~ (stealth).
3299 ||| Stepping ~*~*~tactically~*~*~ (outnumbered).
3301 ||| Stepping ~*~*~tactically~*~*~ (outnumbered).
You mangle the scorpion!!
The scorpion is almost dead.
You hear a bark!
You hear a shout!
The scorpion stings you.
You are poisoned.
The scorpion poisons you!
You scratch the scorpion.
You kill the scorpion!
You feel sick.
You have reached level 7!
You closely miss the troll.
You feel sick. The hound barely misses you.
You scratch the troll.
The troll is lightly wounded.
You feel sick. The hound barely misses you. The troll closely misses you.
The troll claws you! The troll closely misses you.
You closely miss the troll.
The troll is lightly wounded.
You feel sick. The hound barely misses you. The troll bites you!
The troll claws you. x2; The hound bites you but does no damage.
You claw the troll!
The troll is moderately wounded.
You feel sick. The hound bites you. The troll bites you!
The troll claws you! x2
3308 ||| READING 3 scrolls of teleportation.
As you read the scroll of teleportation, it crumbles to dust.
You feel strangely unstable.
You feel sick. The hound closely misses you. The troll bites you!
You die...

#.......##....###...............#
........##............#.##......#
.....##.....##.......(#.........#
............................#..##
...#......####.....####.....#....
......#...#:o##...##.[#...[)##...
...#......#...##.##...#...#....>.
..........##.Tn#.#hsw##..##......
...##......##.'#@#'.##....##.....
............###T.h###............
......##........8............#%.#
#......##...###...###...#####..##
...........## +#.#+ ##..###.#....
..........## #.# ##..........
........#.# ##.## #......#...
..........# ##...## #....###...
......#...####.....####..####....


You could see a troll and a hound.

Vanquished Creatures
  An ogre (D:5)
  A phantom (D:3)
  A scorpion (D:5)
  A necrophage (D:5)
  An orc priest (D:3)
  2 iguanas (D:4)
  An orc wizard (D:3)
  Terence (D:3)
  5 adders
  2 worms
  3 dart slugs
  13 orcs
  10 ball pythons
  2 endoplasms
  5 giant cockroaches
  10 goblins
  10 hobgoblins
  2 jackals (D:1)
  3 kobolds
  A quokka (D:1)
  7 bats
  A frilled lizard (D:2)
  6 rats
89 creatures vanquished.

Vanquished Creatures (others)
  3 toadstools (D:5)
3 creatures vanquished.

Grand Total: 92 creatures vanquished

Notes
Turn   | Place    | Note
-------+----------+-------------------------------------------
     0 | D:1      | qw the Troll Cinder Acolyte began the quest for the Orb.
     0 | D:1      | Reached XP level 1. HP: 22/22 MP: 1/1
     0 | D:1      | 0 ||| qw: Version: 0.1-a-95-gae9e614
     0 | D:1      | 0 ||| qw: Game counter: 4381
     0 | D:1      | 0 ||| qw: Always use a shield: true
     0 | D:1      | 0 ||| qw: God list: Okawaru
     0 | D:1      | 0 ||| qw: Allow faded altars: false
     0 | D:1      | 0 ||| qw: Do Orc after D:15 true
     0 | D:1      | 0 ||| qw: Do second Lair branch before Depths: true
     0 | D:1      | 0 ||| qw: Lair rune preference: random
     0 | D:1      | 0 ||| qw: Plans: Normal
     0 | D:1      | 0 ||| PLANNING D:1-11
    17 | D:1      | 17 ||| Stepping ~*~*~tactically~*~*~ (stealth).
    18 | D:1      | 18 ||| Stepping ~*~*~tactically~*~*~ (stealth).
    19 | D:1      | 19 ||| Stepping ~*~*~tactically~*~*~ (stealth).
    41 | D:1      | 41 ||| Stepping ~*~*~tactically~*~*~ (stealth).
    55 | D:1      | 55 ||| Stepping ~*~*~tactically~*~*~ (stealth).
    57 | D:1      | 57 ||| Stepping ~*~*~tactically~*~*~ (stealth).
    67 | D:1      | 67 ||| Stepping ~*~*~tactically~*~*~ (outnumbered).
    68 | D:1      | 68 ||| Stepping ~*~*~tactically~*~*~ (outnumbered).
    69 | D:1      | 69 ||| Stepping ~*~*~tactically~*~*~ (outnumbered).
    70 | D:1      | 70 ||| Stepping ~*~*~tactically~*~*~ (outnumbered).
    71 | D:1      | 71 ||| Stepping ~*~*~tactically~*~*~ (outnumbered).
    72 | D:1      | 72 ||| Stepping ~*~*~tactically~*~*~ (outnumbered).
    73 | D:1      | 73 ||| Stepping ~*~*~tactically~*~*~ (outnumbered).
    74 | D:1      | 74 ||| Stepping ~*~*~tactically~*~*~ (outnumbered).
    77 | D:1      | Reached XP level 2. HP: 29/29 MP: 2/2
   167 | D:1      | 167 ||| Stepping ~*~*~tactically~*~*~ (hiding).
   189 | D:1      | Reached skill level 4 in Unarmed Combat
   435 | D:1      | Reached XP level 3. HP: 36/36 MP: 3/3
   537 | D:1      | 537 ||| READING scroll labelled LUNATI SYPSAI.
   542 | D:1      | 542 ||| READING 2 scrolls labelled PADIGY LEGAACKE.
   543 | D:1      | 543 ||| READING 2 scrolls labelled IGREUDGH OCOLUSH.
   544 | D:1      | 544 ||| READING scroll labelled XORPHA BONGUIRU.
   545 | D:1      | 545 ||| DROPPING scroll of noise.
   570 | D:2      | 570 ||| STAIRDANCE
   585 | D:2      | You fall into a shaft and drop 1 floor!
   644 | D:2      | 644 ||| Stepping ~*~*~tactically~*~*~ (stealth).
   688 | D:2      | 688 ||| Stepping ~*~*~tactically~*~*~ (stealth).
   689 | D:2      | 689 ||| Stepping ~*~*~tactically~*~*~ (stealth).
   690 | D:2      | 690 ||| Stepping ~*~*~tactically~*~*~ (stealth).
   691 | D:2      | 691 ||| Stepping ~*~*~tactically~*~*~ (stealth).
   692 | D:2      | 692 ||| Stepping ~*~*~tactically~*~*~ (stealth).
   695 | D:2      | 695 ||| Stepping ~*~*~tactically~*~*~ (stealth).
   719 | D:2      | Reached XP level 4. HP: 44/44 MP: 4/4
   837 | D:2      | Reached skill level 5 in Unarmed Combat
   880 | D:2      | Identified the +0 robe of Light {rC+ rN+ Stlth+}
  1103 | D:2      | 1103 ||| UPGRADING to +0 robe of Light {rC+ rN+ Stlth+}.
  1113 | D:2      | 1113 ||| DROPPING +0 robe.
  1114 | D:2      | 1114 ||| READING scroll labelled XEMOAD QYXZOWK.
  1134 | D:2      | 1134 ||| READING scroll labelled WACWIO ZOEJ.
  1134 | D:2      | Identified a scroll of acquirement
  1134 | D:2      | 1134 ||| ACQUIRING +0 mask of the Dragon {Will+ Slay+3
                  | SInv}
  1134 | D:2      | Acquired the +0 mask of the Dragon {Will+ Slay+3 SInv}
  1134 | D:2      | Found the +0 mask of the Dragon {Will+ Slay+3 SInv}
  1136 | D:2      | 1136 ||| UPGRADING to +0 mask of the Dragon {Will+ Slay+3
                  | SInv}.
  1141 | D:2      | 1141 ||| READING scroll labelled RYOLOU QOAMNOCH.
  1142 | D:2      | 1142 ||| DRINKING 2 red potions.
  1143 | D:2      | 1143 ||| DRINKING 2 black potions.
  1144 | D:2      | 1144 ||| DRINKING 3 fizzy pink potions.
  1145 | D:2      | 1145 ||| DROPPING potion of degeneration.
  1297 | D:3      | Found an opulent altar of Gozag.
  1478 | D:3      | Found a faded altar of an unknown god.
  1480 | D:3      | 1480 ||| INVOKING Fiery Armour.
  1485 | D:3      | 1485 ||| Stepping ~*~*~tactically~*~*~ (outnumbered).
  1486 | D:3      | 1486 ||| Stepping ~*~*~tactically~*~*~ (outnumbered).
  1487 | D:3      | 1487 ||| Stepping ~*~*~tactically~*~*~ (outnumbered).
  1489 | D:3      | Reached XP level 5. HP: 37/50 MP: 5/5
  1490 | D:3      | 1490 ||| Stepping ~*~*~tactically~*~*~ (outnumbered).
  1491 | D:3      | 1491 ||| Stepping ~*~*~tactically~*~*~ (outnumbered).
  1492 | D:3      | 1492 ||| Stepping ~*~*~tactically~*~*~ (outnumbered).
  1495 | D:3      | 1495 ||| Stepping ~*~*~tactically~*~*~ (outnumbered).
  1500 | D:3      | Reached skill level 6 in Unarmed Combat
  1563 | D:3      | Noticed a phantom
  1570 | D:3      | Killed a phantom
  1577 | D:3      | Noticed Terence
  1588 | D:3      | Killed Terence
  1589 | D:3      | Reached XP level 6. HP: 59/59 MP: 6/6
  1604 | D:3      | Found Fuda's Weapon Boutique.
  1786 | D:3      | Found an iron altar of Okawaru.
  1996 | D:3      | 1996 ||| READING 2 scrolls labelled ZOXOATSEME.
  1997 | D:3      | 1997 ||| DRINKING 2 viscous green potions.
  1998 | D:3      | 1998 ||| DRINKING 3 glowing grey potions.
  1999 | D:3      | 1999 ||| READING 4 scrolls of identify.
  1999 | D:3      | 1999 ||| IDENTIFYING pink potion
  2000 | D:3      | 2000 ||| READING 3 scrolls of identify.
  2000 | D:3      | 2000 ||| IDENTIFYING grey potion
  2001 | D:3      | 2001 ||| READING 2 scrolls of identify.
  2001 | D:3      | 2001 ||| IDENTIFYING purple potion
  2002 | D:3      | 2002 ||| DROPPING potion of brilliance.
  2003 | D:3      | 2003 ||| DROPPING potion of lignification.
  2004 | D:3      | 2004 ||| DROPPING potion of attraction.
  2005 | D:3      | 2005 ||| DROPPING scroll of blinking.
  2027 | D:4      | Found Tiqer's Distillery.
  2038 | D:4      | 2038 ||| BUYING potion of curing (33 gold).
  2038 | D:4      | Bought a potion of curing for 33 gold pieces
  2038 | D:4      | 2038 ||| BUYING potion of haste (110 gold).
  2038 | D:4      | Bought a potion of haste for 110 gold pieces
  2038 | D:4      | 2038 ||| SHOPLISTING potion of mutation (88 gold, have 37).
  2077 | D:4      | 2077 ||| Stepping ~*~*~tactically~*~*~ (stealth).
  2079 | D:4      | 2079 ||| Stepping ~*~*~tactically~*~*~ (stealth).
  2080 | D:4      | 2080 ||| Stepping ~*~*~tactically~*~*~ (stealth).
  2114 | D:4      | Found Atipav's Weapon Emporium.
  2260 | D:4      | Found Rutydgh's Magic Scroll Emporium.
  2276 | D:4      | 2276 ||| Stepping ~*~*~tactically~*~*~ (outnumbered).
  2277 | D:4      | 2277 ||| SHOPLISTING scroll of acquirement (676 gold, have
                  | 70).
  2277 | D:4      | 2277 ||| BUYING scroll of identify (26 gold).
  2277 | D:4      | Bought a scroll of identify for 26 gold pieces
  2277 | D:4      | 2277 ||| BUYING scroll of teleportation (39 gold).
  2277 | D:4      | Bought a scroll of teleportation for 39 gold pieces
  2277 | D:4      | 2277 ||| SHOPLISTING scroll of teleportation (39 gold, have
                  | 5).
  2277 | D:4      | 2277 ||| Stepping ~*~*~tactically~*~*~ (outnumbered).
  2319 | D:4      | 2319 ||| Stepping ~*~*~tactically~*~*~ (stealth).
  2320 | D:4      | 2320 ||| Stepping ~*~*~tactically~*~*~ (stealth).
  2325 | D:4      | Reached skill level 7 in Unarmed Combat
  2404 | D:4      | 2404 ||| Stepping ~*~*~tactically~*~*~ (stealth).
  2406 | D:4      | 2406 ||| Stepping ~*~*~tactically~*~*~ (stealth).
  2407 | D:4      | 2407 ||| Stepping ~*~*~tactically~*~*~ (stealth).
  2519 | D:4      | Found Siajyica's Jewellery Shoppe.
  2528 | D:4      | 2528 ||| SHOPLISTING +4 ring of slaying (1014 gold, have
                  | 30).
  2528 | D:4      | 2528 ||| SHOPLISTING amulet of Hojod {RegenMP rCorr Stlth+}
                  | (590 gold, have 30).
  2528 | D:4      | 2528 ||| SHOPLISTING ring of Uqofooli {rF+ rN+ EV+4 Str-3
                  | Dex+4} (731 gold, have 30).
  2528 | D:4      | 2528 ||| SHOPLISTING ring of fire (325 gold, have 30).
  2528 | D:4      | 2528 ||| SHOPLISTING ring of resist corrosion (260 gold,
                  | have 30).
  2528 | D:4      | 2528 ||| SHOPLISTING ring of see invisible (195 gold, have
                  | 30).
  2528 | D:4      | 2528 ||| SHOPLISTING ring of willpower (325 gold, have 30).
  2780 | D:4      | Found Roma's Book Shoppe.
  2786 | D:4      | 2786 ||| Stepping ~*~*~tactically~*~*~ (hiding).
  2888 | D:4      | 2888 ||| Stepping ~*~*~tactically~*~*~ (hiding).
  3051 | D:5      | Entered Level 5 of the Dungeon
  3083 | D:5      | 3083 ||| Stepping ~*~*~tactically~*~*~ (stealth).
  3110 | D:5      | 3110 ||| INVOKING Fiery Armour.
  3116 | D:5      | Reached skill level 8 in Unarmed Combat
  3116 | D:5      | 3116 ||| FLEEEEING.
  3117 | D:5      | 3117 ||| FLEEEEING.
  3118 | D:5      | 3118 ||| FLEEEEING.
  3120 | D:5      | 3120 ||| FLEEEEING.
  3121 | D:5      | 3121 ||| FLEEEEING.
  3122 | D:5      | 3122 ||| FLEEEEING.
  3125 | D:5      | 3125 ||| FLEEEEING.
  3126 | D:5      | 3126 ||| FLEEEEING.
  3127 | D:5      | 3127 ||| FLEEEEING.
  3128 | D:5      | 3128 ||| FLEEEEING.
  3129 | D:5      | 3129 ||| FLEEEEING.
  3130 | D:5      | 3130 ||| FLEEEEING.
  3131 | D:5      | 3131 ||| FLEEEEING.
  3132 | D:5      | 3132 ||| STAIRDANCE
  3151 | D:4      | 3151 ||| READING scroll labelled MENEAD KAEVOSS.
  3152 | D:4      | 3152 ||| READING scroll labelled SAFEIXA KEAGA.
  3294 | D:5      | 3294 ||| Stepping ~*~*~tactically~*~*~ (outnumbered).
  3296 | D:5      | Noticed a troll
  3297 | D:5      | 3297 ||| Stepping ~*~*~tactically~*~*~ (stealth).
  3299 | D:5      | 3299 ||| Stepping ~*~*~tactically~*~*~ (outnumbered).
  3301 | D:5      | 3301 ||| Stepping ~*~*~tactically~*~*~ (outnumbered).
  3304 | D:5      | Reached XP level 7. HP: 63/66 MP: 7/7
  3307 | D:5      | HP: 15/66 [troll (9)]
  3307 | D:5      | HP: 7/66 [troll (8)]
  3308 | D:5      | 3308 ||| READING 3 scrolls of teleportation.
  3308 | D:5      | Slain by a troll

Levels and vault maps discovered:
D:1:      wheals_arrival_shading, layout_basic,
          amcnicky_mini_rare_corridor_liquid, minmay_pentomino_p4
D:2:      layout_rooms, kennysheep_decorative_pillar
D:3:      layout_basic, nicolae_gozag_seed_capital, lemuel_doored_altar,
          serial_shops, nicolae_shop_bloodbath_and_beyond,
          hellmonk_ecumenical_altar_arch_garden, uniq_terence
D:4:      layout_basic, serial_shops, shop, shop, shop, nicolae_shop_trees,
          nicolae_square_shop
D:5:      cheibrodos_barr_body, layout_cave_pools,
          gammafunk_temple_overflow_wave, minmay_gold_behind_fungi,
          uniq_blork_the_orc

Skill      XL: |  1  2  3  4  5  6 |
---------------+-------------------+-----
Unarmed Combat | 4 5 6 8 |  8.0
Fighting       | |  2.9
Spellcasting   | |  1.0
Fire Magic     | |  2.1

Action                   |  1- 3 |  4- 6 |  7- 9 || total
-------------------------+-------+-------+-------++-------
Melee: Unarmed           |    94 |   100 |     4 ||   198
       Punch             |       |     1 |       ||     1
Invok: Fiery Armour      |       |     2 |       ||     2
  Use: Scroll            |     4 |     9 |     1 ||    14
       Potion            |       |     5 |       ||     5
Armor: Robe              |    29 |    30 |     1 ||    60
Dodge: Dodged            |    24 |    32 |     6 ||    62

Table legend:
 A = Non-vault XP
 B = Vault XP
 C = Vault XP percentage of total XP
 D = Non-vault monster count
 E = Vault monster count
 F = Vault count percentage of total count
                 A         B        C        D         E       F
            +---------+---------+-------+---------+---------+-------
      Total |     685 |     124 |  15.3 |      84 |       5 |   5.6
            +---------+---------+-------+---------+---------+-------
        D:1 |      43 |       5 |  10.4 |      24 |       3 |  11.1
        D:2 |      77 |       0 |   0.0 |      18 |       0 |   0.0
        D:3 |     247 |      32 |  11.5 |      23 |       1 |   4.2
        D:4 |      94 |       0 |   0.0 |      12 |       0 |   0.0
        D:5 |     224 |      87 |  28.0 |       7 |       1 |  12.5
            +---------+---------+-------+---------+---------+-------
